 Dungeon Crawl Stone Soup version 0.30.1-9-gdf580d7c3d (webtiles) character file.

Game seed: 2999147833569102446

47443 lonewolfV2 the Fighter (level 14, -1/118 HPs)
             Began as a Demonspawn Berserker on Oct 24, 2023.
             Was a High Priest of Trog.
             Slain by an enormous slime creature (57 damage)
             ... on level 15 of the Dungeon on Oct 25, 2023.
             The game lasted 00:41:24 (17914 turns).

lonewolfV2 the Fighter (Demonspawn Berserker)      Turns: 17914, Time: 00:41:24

Health: -1/118     AC: 35    Str: 22    XL:     14   Next: 8%
Magic:  23/23      EV: 15    Int: 15    God:    Trog [*****.]
Gold:   1327       SH:  4    Dex: 20    Spells: 13/13 levels left

rFire   + + +        f - +3 battleaxe of the Gloaming {vamp, *Rage rPois MP+9 Dex+5}
rCold   + + .        (shield currently unavailable)
rNeg    + + +        N - +5 plate armour of True Grit {Contam rF+++ SInv Stlth+}
rPois   +            l - +2 helmet
rElec   .            P - +2 cloak
rCorr   .            F - +0 pair of gloves of Happy Babbling {*Corrode rN++ Dex+2}
SInv    +            (no boots)
Will    +....        h - amulet of the acrobat Stlth
                     U - ring of the Garden {rC+ rN+ Int+6}
HPRegen 0.39/turn    o - ring of protection from cold
MPRegen 0.18/turn

%: random rage (20%), corrode self (3%), acrobat
@: on berserk cooldown, slowed, very slow
A: hooves 2, repulsion field 2, icemail 2, condensation shield
a: Renounce Religion, Berserk, Trog's Hand, Brothers in Arms


You were on level 15 of the Dungeon.
You worshipped Trog.
Trog was extremely pleased with you.
You visited 1 branch of the dungeon, and saw 15 of its levels.
You also visited: Ossuary.

You collected 1558 gold pieces.
You spent 231 gold pieces at shops.

Inventory:

Hand Weapons
 f - the +3 battleaxe of the Gloaming (weapon) {vamp, *Rage rPois MP+9 Dex+5}
   (You acquired it on level 1 of the Dungeon)

   Dex:       It affects your dexterity (+5).
   rPois:     It protects you from poison.
   MP:        It affects your magic capacity (+9).
   *Rage:     It berserks you when you make melee attacks (+20% chance).
 t - the +8 hand axe of Red Wine {protect, MP-9 Int+5}
   (You found it on level 4 of the Dungeon)

   Int:       It affects your intelligence (+5).
   MP:        It affects your magic capacity (-9).
 O - the +9 long sword of the Warrior-Mage {elec, Fly rN++ Will+ Str+2}
   (You found it on level 11 of the Dungeon)

   Str:       It affects your strength (+2).
   rN:        It greatly protects you from negative energy.
   Fly:       It grants you flight.
   Will:      It increases your willpower.
Missiles
 C - 8 poisoned darts (quivered)
Armour
 e - a +2 plate armour
 l - a +2 helmet (worn)
 F - the +0 pair of gloves of Happy Babbling (worn) {*Corrode rN++ Dex+2}
   (You found it on level 7 of the Dungeon)

   Dex:       It affects your dexterity (+2).
   rN:        It greatly protects you from negative energy.
   *Corrode:  It may corrode you when you take damage.
 N - the +5 plate armour of True Grit (worn) {Contam rF+++ SInv Stlth+}
   (You found it on level 14 of the Dungeon)

   rF:        It renders you almost immune to fire.
   SInv:      It lets you see invisible.
   Contam:    It causes magical contamination when unequipped.
   Stlth:     It makes you more stealthy.
 P - a +2 cloak (worn)
Jewellery
 h - an amulet of the acrobat (around neck)
 o - a ring of protection from cold (right hand)
 u - a ring of resist corrosion
 y - a ring of fire
 B - a +6 ring of intelligence
 U - the ring of the Garden (left hand) {rC+ rN+ Int+6}
   (You found it on level 14 of the Dungeon)

   [ring of intelligence]

   Int:       It affects your intelligence (+6).
   rC:        It protects you from cold.
   rN:        It protects you from negative energy.
Wands
 p - a wand of quicksilver (2)
 E - a wand of digging (10)
 I - a wand of mindburst (16)
 J - a wand of charming (15)
 L - a wand of iceblast (16)
 R - a wand of flame (12)
Scrolls
 g - 3 scrolls of poison
 i - 4 scrolls of silence
 k - 10 scrolls of teleportation
 m - 7 scrolls of fog
 D - 2 scrolls of enchant armour
 K - a scroll of butterflies
 Q - 3 scrolls of fear
Potions
 a - a potion of resistance
 c - 4 potions of lignification
 d - a potion of cancellation
 j - 3 potions of haste
 n - 2 potions of flight
 q - 7 potions of degeneration
 s - 2 potions of invisibility
 v - 2 potions of brilliance
 w - 2 potions of attraction
 x - a potion of berserk rage
 z - 2 potions of might
 G - a potion of mutation
 S - a potion of ambrosia
Miscellaneous
 V - a lightning rod (4/4)
 W - a phial of floods
 X - a condenser vane


   Skills:
 - Level 13.0 Fighting
 - Level 8.7 Long Blades
 + Level 11.2 Axes
 * Level 9.7 Armour
 - Level 10.2 Dodging
 * Level 4.0 Evocations


You had 13 spell levels left.
You didn't know any spells.
Your spell library was empty.

Dungeon Overview and Level Annotations

Branches:
Dungeon (15/15)            Temple (0/1) D:5            Lair (0/5) D:8
    Orc (0/2) D:11        Ossuary (visited)
 Vaults: D:13-14     Depths: D:15

Altars:
Ashenzari
Makhleb
Ru

Shops:
D:8 *[   D:13 *

Annotations:
D:5 2 transporters


Innate Abilities, Weirdness & Mutations

You have hoof-like feet.
You are surrounded by a moderate repulsion field. (EV +3)
A meltable icy envelope protects you from harm. (AC +8)
A meltable shield of frost defends you. (SH +4)


Message History

You hit the slime creature.
You feel better.
You slash the slime creature! The slime creature barely misses you.
The slime creature hits you but does no damage.
The slime creature completely misses you.
The enormous slime creature hits you. You block the slime creature's attack.
You slash the enormous slime creature!
You feel better.
Your kick misses the enormous slime creature.
The enormous slime creature is moderately wounded.
You barely miss the slime creature. x2
The enormous slime creature hits you but does no damage.
The slime creature hits you but does no damage.
You block the slime creature's attack.
The slime creature hits you but does no damage.
The enormous slime creature closely misses you.
You slash the enormous slime creature!
You feel better.
You kick the enormous slime creature.
The enormous slime creature is moderately wounded.
You slash the slime creature!
You feel better.
You completely miss the slime creature. You block the slime creature's attack.
The enormous slime creature closely misses you.
The slime creature misses you. You block the slime creature's attack.
You barely miss the enormous slime creature.
The enormous slime creature is moderately wounded.
You hit the slime creature. You slash the slime creature!
The enormous slime creature hits you!!!
Ouch! That really hurt!
The slime creature misses you. You block the slime creature's attack.
You block the enormous slime creature's attack.
The slime creature hits you but does no damage.
The slime creature hits you.
You hear an angry hiss.
You hit the enormous slime creature.
You feel better.
The enormous slime creature is moderately wounded.
You barely miss the slime creature. You slash the slime creature!
You feel better.
The enormous slime creature barely misses you.
You block the slime creature's attack. The slime creature closely misses you.
The slime creature completely misses you.
The enormous slime creature hits you!!!
You die...

#.# #..##.###....#.######.#
#. #.###..##.#
#..#..........# #.
#........## ###############
#. ......<### .## #.
######..# .. #. #########
.## ## #......# ##..# ##
#.####### ##JJ.# #. #.# #..#
#J@# #. #.# ##.### ##.##
######## #. #.#
#....#####...## #......# #.
#.###..#....#.....###.####.#
#. ............#.....#...#
#.# #.
#.#....#..####...######
#.### #. #............##†##
#...# #. ##...####.#####'#
###.# ## .....# #.# #†.# #.#


You could see an enormous slime creature and 2 slime creatures.

Vanquished Creatures
  Snorg (D:12)
  Josephine (D:12)
  3 hydras
  7 centaur warriors
  2 vault guards (D:13)
  A death knight (D:14)
  6 boulder beetles
  A two-headed ogre (D:12)
  4 tengu warriors (D:14)
  2 wizards (D:14)
  A wolf spider (D:14)
  An orc knight (D:15)
  10 ugly things
  4 deep elf pyromancers
  13 cyclopes
  8 manticores
  Maurice (D:12)
  3 gargoyles
  2 yaktaurs
  A freezing wraith (D:14)
  An efreet (D:14)
  A rime drake (D:8)
  3 tengu conjurers
  A komodo dragon (D:11)
  A kobold demonologist (D:12)
  A hornet (D:8)
  2 trolls
  A polar bear (D:8)
  A wolf spider simulacrum (D:14)
  A raiju (shapeshifter) (D:14)
  3 shadows
  9 slime creatures
  A centaur simulacrum (D:14)
  6 wraiths
  A spriggan (shapeshifter) (D:14)
  A basilisk (D:14)
  A wyvern (D:7)
  15 yaks
  A human (D:13)
  5 vampire mosquitoes
  Menkaure (D:6)
  A warg (D:15)
  2 acid dragons
  Duvessa (D:6)
  A sky beast (D:8)
  7 ogres
  4 ice beasts
  A wolf (D:8)
  17 centaurs
  2 phantoms
  A kobold brigand (D:9)
  Blork the orc (D:6)
  A gnoll sergeant (D:12)
  7 scorpions
  6 bullfrogs
  3 killer bees (D:9)
  Dowan (D:6)
  3 howler monkeys (D:9)
  2 electric eels (D:11)
  4 orc priests
  2 hounds
  Jessica (D:2)
  4 iguanas
  Terence (D:2)
  18 orc wizards
  14 mummies
  10 adders
  3 gnolls (D:12)
  2 white imps
  3 dart slugs (D:1)
  A worm (D:3)
  49 orcs
  5 ball pythons
  14 bats
  12 endoplasms
  2 giant cockroaches
  12 goblins
  9 hobgoblins
  3 jackals (D:1)
  8 kobolds
  A quokka (D:4)
  4 frilled lizards
  3 gnoll skeletons (Ossuary)
  A kobold skeleton (Ossuary)
  4 orc skeletons (Ossuary)
  6 rats
  11 rat skeletons (Ossuary)
397 creatures vanquished.

Vanquished Creatures (collateral kills)
  2 ice beasts (D:8)
  A wolf (D:8)
3 creatures vanquished.

Vanquished Creatures (others)
  A vampire (D:13)
1 creature vanquished.

Grand Total: 401 creatures vanquished

Notes
Turn   | Place    | Note
-------+----------+-------------------------------------------
     0 | D:1      | lonewolfV2 the Demonspawn Berserker began the quest for the
                  | Orb.
     0 | D:1      | Reached XP level 1. HP: 18/18 MP: 1/1
   173 | D:1      | Gained mutation: You have large cloven feet. [demonic
                  | ancestry]
   173 | D:1      | Reached XP level 2. HP: 14/24 MP: 2/2
   353 | D:1      | Reached ** piety under Trog
   358 | D:1      | Gained mutation: A meltable shield of frost defends you.
                  | (SH +4) [demonic ancestry]
   358 | D:1      | Reached XP level 3. HP: 25/29 MP: 3/3
   403 | D:1      | Found a faded altar of an unknown god.
   724 | D:1      | Identified a scroll of acquirement
   724 | D:1      | Acquired the +3 battleaxe of the Gloaming {vamp, *Rage
                  | rPois MP+9 Dex+5}
   948 | D:2      | Reached skill level 4 in Fighting
  1158 | D:2      | Reached XP level 4. HP: 37/37 MP: 4/4
  1169 | D:2      | Noticed Terence
  1174 | D:2      | Killed Terence
  1651 | D:2      | Noticed Jessica
  1655 | D:2      | Killed Jessica
  1656 | D:2      | Reached XP level 5. HP: 43/43 MP: 5/5
  2183 | D:3      | Reached *** piety under Trog
  2266 | D:3      | Noticed an ogre
  2277 | D:3      | Killed an ogre
  2306 | D:3      | Reached skill level 5 in Fighting
  2867 | D:4      | Found a sand-covered staircase.
  2872 | D:4      | Reached XP level 6. HP: 51/51 MP: 6/6
  2875 | Ossuary  | Entered an ossuary
  3484 | D:4      | Gained mutation: You are surrounded by a mild repulsion
                  | field. (EV +2) [demonic ancestry]
  3484 | D:4      | Reached XP level 7. HP: 57/57 MP: 7/7
  3604 | D:4      | Reached skill level 5 in Axes
  3673 | D:4      | Reached **** piety under Trog
  3768 | D:4      | Reached skill level 6 in Fighting
  3853 | D:4      | Identified the +8 hand axe of Red Wine {protect, MP-9
                  | Int+5}
  4076 | D:5      | Entered Level 5 of the Dungeon
  4083 | D:5      | Found a staircase to the Ecumenical Temple.
  4119 | D:5      | Gained mutation: A meltable icy envelope protects you from
                  | harm. (AC +8) [demonic ancestry]
  4119 | D:5      | Reached XP level 8. HP: 29/65 MP: 8/8
  4225 | D:5      | Found a transporter.
  4699 | D:5      | Reached skill level 7 in Fighting
  4779 | D:5      | Found a transporter.
  4956 | D:6      | Noticed Blork the orc
  4967 | D:6      | Killed Blork the orc
  5109 | D:6      | Noticed Menkaure
  5115 | D:6      | Killed Menkaure
  5171 | D:6      | Noticed Dowan
  5174 | D:6      | Noticed Duvessa
  5178 | D:6      | Killed Dowan
  5185 | D:6      | Killed Duvessa
  5268 | D:6      | Reached skill level 5 in Armour
  5274 | D:6      | Reached skill level 8 in Fighting
  5674 | D:7      | Gained mutation: You are surrounded by a moderate repulsion
                  | field. (EV +3) [demonic ancestry]
  5674 | D:7      | Reached XP level 9. HP: 52/74 MP: 0/9
  5778 | D:7      | Reached ***** piety under Trog
  5779 | D:7      | Reached skill level 9 in Fighting
  6233 | D:7      | Identified the +0 pair of gloves of Happy Babbling
                  | {*Corrode rN++ Dex+2}
  6580 | D:8      | Found Oloun's Antique Armour Shoppe.
  6730 | D:8      | Found Moofudul's Assorted Antiques.
  6821 | D:8      | Noticed a polar bear
  6831 | D:8      | Killed a polar bear
  7166 | D:8      | Noticed a rime drake
  7179 | D:8      | Gained mutation: A meltable icy envelope protects you from
                  | harm. (AC +8) [demonic ancestry]
  7179 | D:8      | Reached XP level 10. HP: 79/85 MP: 10/10
  7180 | D:8      | Reached skill level 10 in Fighting
  7199 | D:8      | Found a staircase to the Lair.
  7946 | D:9      | Found a burning altar of Makhleb.
  8272 | D:10     | Entered Level 10 of the Dungeon
  8423 | D:10     | Found a broken altar of Ashenzari.
  8541 | D:10     | Reached skill level 11 in Fighting
  8541 | D:10     | Reached skill level 10 in Axes
  8816 | D:11     | Reached XP level 11. HP: 80/93 MP: 11/11
  8980 | D:11     | Received a gift from Trog
  9204 | D:11     | Identified the +9 long sword of the Warrior-Mage {elec, Fly
                  | rN++ Will+ Str+2}
  9320 | D:11     | Reached skill level 1 in Long Blades
  9634 | D:11     | Found a staircase to the Orcish Mines.
  9811 | D:12     | Noticed Maurice
  9811 | D:12     | Noticed a boulder beetle
  9896 | D:12     | Killed a boulder beetle
  9897 | D:12     | Reached skill level 5 in Dodging
  9901 | D:12     | Killed Maurice
 10015 | D:12     | Noticed a boulder beetle
 10018 | D:12     | Noticed a purple ugly thing
 10023 | D:12     | Noticed a two-headed ogre
 10031 | D:12     | Killed a two-headed ogre
 10033 | D:12     | Killed a purple ugly thing
 10063 | D:12     | Killed a boulder beetle
 10064 | D:12     | Reached skill level 5 in Long Blades
 10515 | D:12     | Found a sacrificial altar of Ru.
 10580 | D:12     | Reached skill level 12 in Fighting
 10619 | D:12     | Identified the +2 leather armour of the Equinox {Rampage
                  | *Corrode Str+3 Dex+2}
 11102 | D:12     | Noticed Snorg
 11130 | D:12     | Killed Snorg
 11131 | D:12     | Reached XP level 12. HP: 35/102 MP: 3/12
 11837 | D:12     | Noticed Josephine
 11844 | D:12     | Killed Josephine
 11981 | D:13     | Noticed a centaur warrior
 11999 | D:13     | Killed a centaur warrior
 12015 | D:13     | Noticed a boulder beetle
 12030 | D:13     | Killed a boulder beetle
 12035 | D:13     | Noticed a centaur warrior
 12637 | D:13     | Killed a centaur warrior
 12671 | D:13     | Noticed a boulder beetle
 12772 | D:13     | Killed a boulder beetle
 12803 | D:13     | Noticed a vault guard
 12834 | D:13     | Noticed a vault guard
 13309 | D:13     | Found Erphabisal's Neck Hole.
 13340 | D:13     | Bought a +2 cloak for 231 gold pieces
 13382 | D:13     | Noticed a centaur warrior
 13393 | D:13     | Killed a centaur warrior
 13522 | D:13     | Noticed a vault guard
 13533 | D:13     | Killed a vault guard
 13538 | D:13     | Killed a vault guard
 13545 | D:13     | Noticed a vault guard
 13566 | D:13     | HP: 3/103 [tengu conjurer (3)]
 13793 | D:13     | Noticed a vault guard
 14323 | D:14     | Noticed a six-headed hydra
 14340 | D:14     | Killed a 17-headed hydra
 14362 | D:14     | Reached XP level 13. HP: 32/109 MP: 13/13
 14838 | D:14     | Reached skill level 13 in Fighting
 15203 | D:14     | Found a runed translucent door.
 15325 | D:14     | Received a gift from Trog
 15543 | D:14     | Reached skill level 10 in Dodging
 15996 | D:14     | Identified the +5 plate armour of True Grit {Contam rF+++
                  | SInv Stlth+}
 16010 | D:14     | Identified the ring of the Garden {rC+ rN+ Int+6}
 16557 | D:14     | Reached skill level 1 in Evocations
 16636 | D:15     | Entered Level 15 of the Dungeon
 17684 | D:15     | Gained mutation: You have hoof-like feet. [demonic
                  | ancestry]
 17684 | D:15     | Reached XP level 14. HP: 118/118 MP: 14/14
 17914 | D:15     | Slain by an enormous slime creature

Illustrated notes

Levels and vault maps discovered:
D:1:      dpeg_arrival_snail, layout_rooms, hellmonk_ecumenical_altar_blasted
D:2:      layout_basic, nicolae_hexahallways, roderic_serpentine_path,
          grunt_decor_fettered, chequers_serial_rivers_large_b, uniq_jessica,
          uniq_terence
D:3:      layout_loops_ring, serial_bayou, serial_bayou_shore_a,
          serial_bayou_lake_a, serial_bayou_lagoon_b, serial_bayou_pond_e,
          guppyfry_early_orc_mine
D:4:      layout_loops_cross, gup_ossuary_entry_pyramid
D:5:      gammafunk_steamed_eel, layout_rooms, minmay_temple_entry_mist,
          minmay_misc_feat_encased
D:6:      layout_loops_cross, eino_small_chamber_without_monster,
          uniq_blork_the_orc, uniq_duvessa, uniq_menkaure
D:7:      layout_cave_pools
D:8:      layout_loops_ring, hellmonk_lair_entry_icy, serial_shops,
          shop_fountains, nicolae_shop_just_a_little_nook, serial_glass,
          glass_columns_c, glass_columns_b, kennysheep_another_room, minivault_5
D:9:      layout_roguey, general_overflow_altar, kennysheep_potato
D:10:     layout_gridville, overflow_temple_1_default
D:11:     old_forge, layout_basic, orc_0_dummy, grunt_ministairs_3,
          chequers_decorated_corner, nicolae_straight_to_the_point
D:12:     layout_layer_cave, nicolae_ru_great_annihilating_truth,
          uniq_josephine, uniq_snorg, uniq_maurice
D:13:     layout_cave_pools, grunt_vaults_entry_fortified,
          nicolae_shop_sticking_my_neck_out
D:14:     minmay_the_grid_triangle_9x9_recursive_3
          [minmay_the_grid_triangle_9x9_odd_lines,
          minmay_the_grid_triangle_9x9_thin_v,
          minmay_the_grid_triangle_9x9_cache,
          minmay_the_grid_triangle_9x9_prize_insulated,
          minmay_the_grid_triangle_9x9_wacky_v,
          minmay_the_grid_triangle_9x9_intruding_spiral,
          minmay_the_grid_triangle_9x9_subtriangle,
          minmay_the_grid_triangle_9x9_stretched_checkered,
          minmay_the_grid_triangle_9x9_descending_squares], layout_loops_ring,
          wad_floor_pattern_2, serial_glass, glass_columns_b, glass_columns_b
D:15:     gammafunk_enter_depths_forms, layout_loops_corners,
          nicolae_elyvilon_peaceful_grove

Skill      XL: |  1  2  3  4  5  6  7  8  9 10 11 12 13 14 |
---------------+-------------------------------------------+-----
Armour         | 2 3 4 5 6 7 9 |  9.7
Axes           | 3 4 5 7 8 10 11 | 11.2
Fighting       | 4 5 6 8 9 11 12 13 | 13.0
Dodging        | 3 6 9 10 | 10.2
Long Blades    | 5 8 |  8.7
Evocations     | 3 4 |  4.0

Action                     |  1- 3 |  4- 6 |  7- 9 | 10-12 | 13-15 || total
---------------------------+-------+-------+-------+-------+-------++-------
  Melee: Hand axe          |    86 |       |    38 |     4 |       ||   128
         Punch             |     1 |       |     1 |       |       ||     2
         Kick              |    16 |    36 |    53 |   174 |   142 ||   421
         Battleaxe         |    28 |   126 |   168 |   419 |   309 ||  1050
         Long sword        |       |       |       |    18 |       ||    18
 Invoke: Trog's Hand       |       |     1 |     1 |     4 |     2 ||     8
         Berserk           |       |       |     1 |       |       ||     1
         Brothers in Arms  |       |       |     1 |       |       ||     1
  Evoke: Wand              |       |       |       |     1 |    13 ||    14
    Use: Scroll            |     4 |    10 |    11 |    10 |     1 ||    36
         Potion            |       |       |     3 |     8 |     2 ||    13
   Stab: Held in net/web   |       |       |       |     1 |       ||     1
         Paralysed         |       |       |       |     1 |       ||     1
 Armour: Plate armour      |    78 |    47 |   150 |   462 |   334 ||  1071
         Animal skin       |     1 |       |       |       |       ||     1
  Dodge: Dodged            |    38 |    72 |   147 |   595 |   362 ||  1214
  Block: Other             |    11 |    21 |    50 |   128 |    73 ||   283
